Map: Heavy Artillery LE

Players

Overmind

  • Race: Terran Terran
  • Spawn Location: 1:00

Stanley

  • Race: Protoss Protoss
  • Spawn Location: 3:00

Massa - Winner!

  • Race: Terran Terran
  • League: Platinum
  • Spawn Location: 7:00

qqq - Winner!

  • Race: Protoss Protoss
  • Spawn Location: 7:00

VOD

Have the link to the VOD?

Description

Time

  • Played on: Nov. 7, 2020, 5:45 a.m.
  • Length: 15:07
Show
View Real Time Build Order
Export as new Build Order

Overmind Terran 

Build Orders:  

Get SALT Encoding   

  12  0:01  SCV  
  13  0:13  SCV  
  14  0:17  Supply Depot  
  14  0:25  SCV  
  15  0:38  SCV  
  15  0:40  Barracks  
  16  0:46  Refinery  
  16  0:50  SCV  
  17  1:02  SCV  
  18  1:14  SCV  
  19  1:27  SCV  
  19  1:31  Reaper  
  21  1:41  Command Center  
  21  1:48  Barracks  
  20  1:59  Refinery  
  20  2:00  Supply Depot  
  19  2:10  Marine  
  19  2:13  Orbital Command  
  20  2:30  Command Center  
  20  2:32  Barracks Reactor  
  20  2:38  Barracks Tech Lab  
  20  2:41  SCV  
  20  2:57  SCV  
  21  3:00  Stimpack  
  21  3:08  Marine x2  
  21  3:09  SCV  
  24  3:13  Engineering Bay  
  24  3:18  Marauder  
  26  3:21  SCV  
  26  3:25  Factory  
  27  3:32  Marine x2  
  27  3:33  SCV  
  30  3:37  Supply Depot  
  30  3:44  Missile Turret  
  30  3:50  SCV x2  
  32  4:03  SCV  
  32  4:05  Orbital Command  
  33  4:10  Factory Tech Lab  
  33  4:11  Missile Turret  
  33  4:15  SCV  
  34  4:20  Marauder, Marine x2  
  38  4:25  Supply Depot  
  38  4:30  SCV  
  39  4:36  Siege Tank  
  42  4:40  SCV  
  42  4:42  SCV  
  44  4:47  Marine  
  44  4:48  Supply Depot  
  47  4:53  Marauder  
  47  5:00  Missile Turret  
  47  5:03  SCV x2  
  49  5:15  SCV x2  
  49  5:19  Marine x2  
  49  5:20  Marauder  
  55  5:26  Terran Infantry Weapons Level 1  
  55  5:28  Supply Depot  
  55  5:32  SCV x2  
  57  5:37  Marine  
  58  5:43  Siege Tank  
  58  5:47  Starport  
  61  5:52  Command Center  
  61  5:53  SCV  
  61  5:54  SCV  
  63  6:00  Marine x2  
  63  6:01  Marauder  
  67  6:12  SCV x2  
  67  6:16  Refinery  
  67  6:17  Barracks  
  67  6:18  Missile Turret  
  69  6:24  SCV x2  
  71  6:36  SCV x2  
  73  6:41  Missile Turret  
  73  6:44  Refinery  
  73  6:45  Starport Reactor  
  73  6:47  Supply Depot, Combat Shield  
  73  6:48  SCV x2  
  73  6:51  Armory  
  73  6:52  Supply Depot  
  73  6:53  Engineering Bay  
  75  7:00  SCV  
  76  7:02  Marine x2  
  76  7:03  Marauder  
  80  7:09  Barracks Reactor  
  80  7:13  Orbital Command  
  80  7:14  Supply Depot  
  80  7:19  SCV x2  
  80  7:20  Marine  
  83  7:25  Supply Depot  
  83  7:26  Marine  
  83  7:27  Marine  
  85  7:31  SCV  
  85  7:32  SCV, Medivac  
  89  7:39  Terran Vehicle Weapons Level 1  
  89  7:40  Terran Infantry Weapons Level 2  
  89  7:41  Marine  
  90  7:47  SCV x3  
  93  7:52  Refinery  
  93  7:54  Refinery  
  93  7:55  Supply Depot  
  93  7:59  SCV x3  
  93  8:02  Medivac  
  98  8:10  Terran Infantry Armor Level 1, Supply Depot  
  98  8:11  SCV x2  
  100  8:13  SCV  
  101  8:23  SCV  
  102  8:29  Marauder, Marine x4  
  102  8:33  Siege Tank  
  111  8:37  Command Center  
  108  8:51  Marauder, Marine x2  
  112  9:01  SCV x3  
  115  9:07  Marine x2, Missile Turret x2  
  115  9:08  Missile Turret, Siege Tank  
  120  9:12  Marauder  
  120  9:13  Barracks x2  
  122  9:21  SCV  
  122  9:22  SCV x2  
  125  9:30  Missile Turret  
  125  9:31  Marine x4  
  125  9:33  Marauder, Medivac x2  
  135  9:39  SCV  
  135  9:40  SCV x2, Siege Tank  
  135  9:41  Sensor Tower  
  135  9:44  Supply Depot  
  135  9:45  Supply Depot  
  141  9:49  Marine x4  
  145  9:55  Marauder  
  145  9:57  Planetary Fortress  
  145  9:58  SCV x3  
  150  10:04  Terran Infantry Weapons Level 3  
  150  10:06  Marine  
  151  10:08  Missile Turret, Supply Depot  
  151  10:09  Supply Depot  
  151  10:15  Marine x3  
  151  10:16  Marauder  
  151  10:19  Missile Turret  
  156  10:28  Marine  
  156  10:33  Marine x3  
  158  10:38  Marauder  
  158  10:46  Marine  
  158  10:47  Refinery  
  159  10:51  Starport  
  159  10:52  Starport  
  159  10:53  Fusion Core  
  159  10:58  Refinery, Marine x3  
  159  10:59  Marauder  
  159  11:00  Viking x2  
  168  11:04  Marine  
  168  11:09  Siege Tank  
  168  11:11  Barracks Reactor x2  
  172  11:12  Terran Infantry Armor Level 2  
  172  11:16  Marine x3  
  175  11:20  Marauder  
  175  11:22  Marine  
  176  11:42  Marauder, Marine  
  176  11:43  Marine x3  
  176  11:44  Siege Tank  
  165  12:00  Marine x5  
  165  12:01  Marine x3  
  153  12:03  Starport Reactor x2, Marauder  
  153  12:06  Supply Depot  
  153  12:08  Supply Depot  
  127  12:16  Siege Tank  
  127  12:18  Marine x8  
  130  12:24  Marauder  
  130  12:26  Viking  
  130  12:27  Viking  
  130  12:28  SCV x3  
  139  12:33  Supply Depot  
  139  12:35  Marine, Supply Depot  
  139  12:36  Marine x7  
  147  12:40  Medivac x4  
  155  12:46  Marauder, Missile Turret  
  155  12:48  Missile Turret  
  157  12:51  SCV x2  
  157  12:52  SCV x2  
  157  12:53  Marine x3  
  157  12:54  Marine x3  
  167  13:03  SCV  
  167  13:04  SCV x3  
  171  13:07  Marauder  
  173  13:15  Viking  
  173  13:16  Viking x5  
  185  13:25  Marine  
  185  13:26  Marine x7  
  193  13:28  Command Center  
  193  13:29  Marauder  
  195  13:43  Marine x2  
  195  13:45  Viking  
  199  13:52  Marine x4  
  175  14:09  Marine x2  
  162  14:10  Marine x6  
  162  14:11  Medivac x3  
  162  14:12  Medivac  
  154  14:24  Marine  
  144  14:25  Siege Tank  
  144  14:26  Viking  
  144  14:27  Marine x3, Viking  
  154  14:35  Marine x3  
  154  14:36  Marine x2  
  158  14:42  Marauder  
  158  14:45  Marine x3  
Show
View Real Time Build Order
Export as new Build Order

Stanley Protoss 

Build Orders:  

Get SALT Encoding   

  12  0:00  Probe  
  13  0:14  Pylon  
  13  0:18  Probe  
  14  0:30  Probe  
  14  0:34  Gateway  
  15  0:42  Probe  
  16  0:45  Assimilator  
  16  0:54  Probe (Chrono Boost)  
  17  0:58  Assimilator  
  17  1:06  Probe (Chrono Boost)  
  18  1:12  Probe (Chrono Boost)  
  19  1:20  Probe  
  19  1:25  Cybernetics Core  
  20  1:31  Pylon  
  20  1:32  Probe  
  21  1:44  Probe  
  21  2:11  Probe  
  22  2:17  Stalker  
  22  2:23  Probe  
  23  2:34  Protoss Air Weapons Level 1  
  23  2:36  Probe  
  24  2:37  Stargate  
  24  3:05  Cybernetics Core  
  24  3:18  Nexus  
  24  3:25  Stargate  
  24  3:38  Stalker  
  26  3:51  Pylon  
  26  3:55  Fleet Beacon  
  26  4:15  Void Ray  
  26  4:19  Protoss Air Armor Level 1 (Chrono Boost)  
  30  4:26  Probe  
  30  4:29  Probe  
  33  4:40  Probe (Chrono Boost)  
  33  4:41  Probe (Chrono Boost)  
  36  4:53  Probe (Chrono Boost)  
  36  4:55  Probe (Chrono Boost)  
  36  4:57  Probe (Chrono Boost)  
  37  5:02  Probe  
  38  5:07  Assimilator  
  38  5:08  Probe  
  38  5:11  Void Ray x2  
  39  5:14  Probe  
  39  5:20  Probe  
  49  5:32  Probe  
  49  5:33  Probe  
  51  5:40  Assimilator  
  51  5:44  Probe (Chrono Boost)  
  51  5:47  Pylon  
  51  5:48  Probe (Chrono Boost)  
  53  5:56  Probe (Chrono Boost)  
  54  6:03  Probe (Chrono Boost)  
  54  6:05  Probe (Chrono Boost)  
  54  6:07  Protoss Air Weapons Level 2 (Chrono Boost)  
  54  6:08  Pylon  
  54  6:10  Pylon  
  56  6:13  Probe, Void Ray  
  56  6:17  Probe  
  58  6:23  Void Ray  
  62  6:26  Probe  
  62  6:29  Probe  
  68  6:34  Pylon  
  68  6:37  Pylon  
  68  6:58  Void Ray  
  68  6:59  Flux Vanes  
  68  7:03  Void Ray  
  72  7:08  Nexus  
  76  7:30  Protoss Air Armor Level 2 (Chrono Boost)  
  76  7:38  Void Ray  
  76  7:48  Void Ray  
  84  7:59  Pylon  
  84  8:01  Pylon  
  84  8:04  Pylon  
  84  8:15  Probe  
  84  8:18  Void Ray  
  85  8:23  Stargate  
  89  8:27  Probe  
  89  8:29  Void Ray  
  90  8:39  Probe  
  95  8:51  Probe  
  96  9:00  Void Ray  
  96  9:05  Probe (Chrono Boost)  
  101  9:10  Probe (Chrono Boost)  
  101  9:14  Assimilator  
  101  9:16  Void Ray, Assimilator  
  102  9:19  Probe (Chrono Boost), Protoss Air Weapons Level 3 (Chrono Boost)  
  102  9:21  Probe (Chrono Boost)  
  108  9:24  Probe (Chrono Boost)  
  108  9:28  Pylon  
  108  9:30  Probe, Pylon  
  110  9:32  Pylon  
  110  9:36  Probe  
  103  9:42  Probe  
  104  9:48  Probe  
  105  9:53  Void Ray x2  
  105  9:54  Probe  
  105  9:55  Void Ray  
  114  10:06  Probe  
  108  10:36  Void Ray x3  
  120  10:56  Nexus  
  84  12:23  Void Ray (Chrono Boost)  
  84  12:24  Void Ray x2 (Chrono Boost)  
  96  12:48  Probe (Chrono Boost)  
  97  12:54  Void Ray x3 (Chrono Boost)  
  97  12:58  Probe (Chrono Boost)  
  98  13:03  Probe (Chrono Boost)  
  111  13:14  Probe (Chrono Boost)  
  112  13:22  Assimilator  
  112  13:26  Probe (Chrono Boost), Assimilator  
  113  13:27  Void Ray  
  113  13:28  Void Ray x2  
  113  13:31  Probe (Chrono Boost)  
  122  13:40  Probe  
  127  13:53  Probe  
  100  14:09  Void Ray x2  
  80  14:10  Void Ray  
Show
View Real Time Build Order
Export as new Build Order

Massa Terran - Winner!

Build Orders: Mech 

Get SALT Encoding   

  12  0:01  SCV  
  13  0:13  SCV  
  14  0:25  SCV, Supply Depot  
  15  0:34  Refinery  
  15  0:47  SCV, Barracks  
  16  0:59  SCV  
  17  1:11  SCV  
  18  1:23  SCV  
  19  1:35  Reaper, SCV  
  21  1:40  Command Center  
  21  1:47  Orbital Command  
  21  2:14  Marine  
  22  2:19  SCV  
  23  2:30  Engineering Bay  
  23  2:33  Command Center  
  23  2:37  Supply Depot  
  23  2:52  SCV  
  23  2:57  Barracks Reactor  
  23  2:59  Orbital Command  
  23  3:04  SCV  
  24  3:08  Barracks  
  24  3:10  Factory  
  24  3:16  SCV  
  26  3:27  Refinery, SCV  
  26  3:28  SCV  
  26  3:32  Terran Infantry Weapons Level 1  
  27  3:34  Marine  
  27  3:35  Marine  
  27  3:39  SCV  
  27  3:40  SCV  
  31  3:44  Orbital Command  
  31  3:51  SCV  
  31  3:53  SCV  
  33  3:55  Refinery  
  33  4:03  Factory Tech Lab, SCV  
  33  4:05  SCV, Marine x2  
  37  4:11  Barracks Tech Lab  
  37  4:13  SCV, Armory  
  37  4:15  SCV  
  40  4:17  SCV  
  40  4:22  Marine x2  
  42  4:24  Siege Tank  
  45  4:40  Marine x2  
  45  4:41  Stimpack  
  47  4:46  Starport  
  47  4:50  SCV x2, Supply Depot  
  47  4:51  SCV, Supply Depot  
  50  4:57  Refinery  
  50  4:58  Marine  
  51  5:02  Marauder  
  51  5:03  SCV x3  
  56  5:08  Barracks  
  56  5:13  Barracks  
  56  5:14  Supply Depot  
  56  5:15  SCV x2  
  56  5:18  Siege Tank  
  56  5:19  Marine  
  56  5:20  Marine  
  63  5:26  Medivac  
  63  5:28  Marauder  
  67  5:37  Marine  
  70  5:50  Marauder, Marine, Siege Tank  
  70  5:52  Orbital Command  
  70  5:55  Marine  
  75  6:00  Barracks Tech Lab  
  75  6:03  Barracks Tech Lab  
  75  6:08  SCV x2, Marine  
  80  6:11  Marauder  
  80  6:13  Marine  
  81  6:20  SCV x2  
  83  6:25  Marine  
  83  6:27  SCV  
  85  6:35  Supply Depot x2  
  85  6:36  Starport Reactor  
  85  6:38  Terran Vehicle Weapons Level 1  
  85  6:39  Terran Infantry Armor Level 1  
  85  6:42  Engineering Bay  
  85  6:54  Refinery  
  85  6:57  SCV x3, Marauder  
  85  6:58  Marauder x2, Supply Depot  
  85  6:59  Marine x2  
  96  7:03  Refinery  
  96  7:07  Siege Tank  
  99  7:09  SCV x2  
  99  7:10  Combat Shield  
  99  7:12  Concussive Shells  
  101  7:19  SCV, Marauder  
  101  7:20  Marauder x2, Factory  
  101  7:21  SCV  
  109  7:24  Factory  
  109  7:34  Supply Depot  
  109  7:37  Supply Depot  
  109  7:56  Marauder, Marine x2, Medivac x2  
  117  7:59  SCV x3, Marauder, Siege Tank  
  125  8:07  Command Center  
  125  8:19  Factory Tech Lab  
  125  8:22  Factory Reactor  
  125  9:08  Supply Depot x2  
  125  9:10  Supply Depot  
  125  9:11  Supply Depot  
  125  9:12  Supply Depot  
  125  9:13  Supply Depot  
  125  9:19  Marauder, Marine x2, Medivac x2, Missile Turret x2, Siege Tank x2, SCV  
  140  9:30  SCV x2, Marauder x2  
  146  9:31  SCV  
  146  9:32  Supply Depot  
  146  9:35  Supply Depot  
  146  9:37  Marine x2  
  149  9:41  Marauder, Missile Turret  
  149  9:42  SCV x2, Planetary Fortress  
  149  9:44  SCV  
  154  9:51  Marine  
  154  9:52  Marauder  
  157  9:54  SCV x2, Marine x2  
  157  9:56  SCV, Siege Tank x2  
  157  9:59  Hellbat x2  
  172  10:01  Missile Turret  
  172  10:02  Marauder  
  172  10:04  Smart Servos  
  172  10:06  SCV x2  
  176  10:08  SCV  
  176  10:09  Marauder  
  176  10:10  Terran Infantry Armor Level 2, Terran Infantry Weapons Level 2  
  176  10:12  Terran Vehicle Weapons Level 2  
  176  10:13  Marauder  
  181  10:20  Sensor Tower, Hellbat x2  
  185  10:21  SCV x3  
  185  10:22  SCV  
  185  10:27  Marauder, Marine x2  
  195  10:28  Hellbat  
  195  10:31  Marauder  
  195  10:33  SCV x2, Barracks  
  195  10:34  SCV, Barracks  
  200  10:37  Barracks  
  200  10:45  Missile Turret  
  200  10:46  Missile Turret  
  200  10:48  Missile Turret  
  200  11:04  Refinery  
  200  11:05  Refinery  
  200  11:22  Armory  
  200  11:23  Drilling Claws  
  164  11:49  Marauder, Marine x4  
  164  11:50  Marauder x2, Marine  
  135  12:07  Marine x3  
  118  12:11  Marauder  
  118  12:12  Marauder  
  118  12:13  Marine x3  
  100  12:24  Marine  
  100  12:25  Marine x2, Medivac x2  
  107  12:31  Marine x2  
  107  12:33  Marauder x2  
  114  12:38  Thor  
  114  12:39  Thor  
  114  12:41  Widow Mine x2  
  114  12:42  Marine x2  
  114  12:43  Command Center  
  132  12:45  Barracks Tech Lab  
  132  12:46  Barracks Reactor  
  132  12:50  Barracks Tech Lab  
  131  12:53  Barracks Tech Lab  
  131  12:54  Marauder x2  
  131  12:55  Medivac x2  
  139  13:03  Widow Mine x2  
  143  13:09  Marauder x2  
  143  13:10  Marine x2  
  149  13:16  Marauder x2  
  149  13:17  Missile Turret x2  
  153  13:21  Thor x2, Missile Turret  
  153  13:24  Widow Mine  
  153  13:25  Medivac  
  169  13:28  Marauder, Marine x4  
  169  13:31  Marauder x2  
  179  13:37  Marauder x2  
  179  13:41  Missile Turret  
  183  13:46  Marine x3  
  186  13:49  Marauder  
  186  13:52  Marauder x2  
  186  13:55  Planetary Fortress  
  190  13:58  Marauder  
  190  13:59  Marauder  
  185  14:04  Thor  
  185  14:08  Marine x4  
  184  14:11  Marauder  
  184  14:13  Marauder  
  184  14:14  Marauder  
  188  14:20  Marauder x2  
  190  14:24  Thor  
  190  14:26  Marine x4  
Show
View Real Time Build Order
Export as new Build Order

qqq Protoss - Winner!

Build Orders: Carriers 

Get SALT Encoding   

  12  0:01  Probe  
  13  0:14  Pylon  
  13  0:18  Probe  
  14  0:30  Probe  
  15  0:36  Forge  
  15  0:42  Probe  
  16  0:54  Probe  
  16  0:57  Pylon  
  17  1:32  Photon Cannon  
  17  1:39  Pylon  
  17  1:56  Probe  
  17  2:00  Photon Cannon  
  18  2:08  Probe  
  18  2:15  Gateway  
  17  2:20  Probe  
  18  2:26  Nexus  
  18  2:30  Assimilator  
  18  2:32  Probe  
  18  2:34  Pylon  
  19  2:44  Probe  
  20  2:56  Probe  
  21  3:05  Cybernetics Core  
  21  3:08  Probe (Chrono Boost)  
  22  3:14  Assimilator  
  22  3:18  Probe (Chrono Boost)  
  23  3:22  Nexus  
  23  3:23  Probe (Chrono Boost)  
  24  3:31  Zealot  
  26  3:38  Probe x2 (Chrono Boost)  
  29  3:49  Stargate  
  29  3:50  Probe (Chrono Boost)  
  29  3:52  Assimilator  
  29  3:53  Probe (Chrono Boost)  
  30  3:59  Probe  
  31  4:04  Probe  
  32  4:12  Probe  
  32  4:13  Stargate  
  32  4:16  Probe  
  34  4:23  Pylon  
  34  4:24  Probe  
  35  4:30  Probe  
  36  4:33  Stalker  
  36  4:38  Probe (Chrono Boost)  
  39  4:39  Phoenix  
  39  4:42  Probe (Chrono Boost)  
  42  4:51  Probe (Chrono Boost)  
  44  4:54  Probe (Chrono Boost)  
  44  4:55  Probe (Chrono Boost)  
  44  4:58  Probe (Chrono Boost)  
  46  5:01  Assimilator  
  46  5:02  Probe  
  46  5:06  Phoenix  
  49  5:08  Protoss Air Weapons Level 1  
  49  5:13  Probe x2  
  51  5:14  Probe  
  52  5:21  Phoenix (Chrono Boost)  
  52  5:25  Probe x2  
  56  5:33  Probe  
  59  5:37  Probe x2  
  59  5:39  Phoenix (Chrono Boost)  
  61  5:43  Phoenix (Chrono Boost)  
  61  5:46  Probe  
  61  5:49  Probe x2  
  66  5:55  Assimilator  
  66  5:56  Phoenix  
  68  5:58  Probe, Pylon  
  68  5:59  Assimilator  
  69  6:12  Pylon  
  69  6:16  Probe x2, Phoenix  
  69  6:17  Pylon  
  69  6:18  Pylon  
  73  6:25  Probe  
  74  6:28  Probe x2  
  76  6:37  Probe  
  77  6:40  Probe  
  77  6:42  Phoenix  
  77  6:46  Nexus  
  77  6:47  Phoenix  
  82  6:49  Pylon  
  82  6:51  Pylon  
  82  6:53  Probe  
  83  6:54  Probe  
  84  7:07  Phoenix  
  86  7:11  Probe  
  86  7:12  Phoenix  
  89  7:16  Fleet Beacon  
  89  7:17  Protoss Air Armor Level 1  
  89  7:19  Photon Cannon  
  89  7:24  Probe  
  90  7:36  Probe  
  91  7:40  Phoenix x2  
  95  7:47  Photon Cannon, Shield Battery  
  95  7:48  Probe  
  95  7:50  Pylon  
  96  7:56  Photon Cannon  
  96  7:58  Pylon  
  96  8:03  Anion Pulse-Crystals  
  96  8:05  Phoenix x2  
  100  8:14  Stargate  
  100  8:17  Photon Cannon, Stargate  
  100  8:18  Pylon  
  100  8:30  Carrier x2  
  116  9:03  Tempest, Carrier  
  116  9:09  Probe  
  122  9:21  Probe  
  123  9:29  Nexus  
  123  9:31  Pylon  
  123  9:32  Pylon  
  123  9:33  Probe  
  123  9:34  Phoenix, Pylon  
  123  9:37  Pylon  
  122  9:38  Pylon  
  122  9:40  Pylon  
  122  9:45  Probe  
  123  9:57  Probe  
  124  10:30  Carrier  
  120  10:37  Tempest  
  120  10:41  Probe  
  140  10:47  Shield Battery  
  140  10:49  Photon Cannon  
  140  10:51  Photon Cannon  
  140  10:52  Photon Cannon  
  140  10:53  Probe x2  
  140  10:54  Photon Cannon  
  140  10:55  Photon Cannon  
  142  10:58  Photon Cannon  
  142  11:00  Assimilator  
  142  11:04  Assimilator  
  142  11:05  Probe (Chrono Boost), Assimilator  
  142  11:06  Probe (Chrono Boost)  
  144  11:12  Carrier x2, Phoenix  
  144  11:14  Assimilator  
  144  11:16  Photon Cannon  
  144  11:17  Probe (Chrono Boost)  
  146  11:24  Probe (Chrono Boost)  
  149  11:25  Probe (Chrono Boost)  
  149  11:30  Probe (Chrono Boost)  
  149  11:31  Probe  
  149  11:32  Phoenix  
  150  11:37  Carrier  
  159  11:42  Pylon  
  159  11:43  Pylon  
  159  11:44  Probe  
  159  11:45  Pylon  
  160  11:48  Pylon  
  160  11:52  Pylon  
  140  12:09  Carrier  
  142  12:16  Carrier  
  146  12:26  Carrier  
  146  12:27  Probe (Chrono Boost)  
  154  12:31  Probe (Chrono Boost)  
  154  12:39  Probe (Chrono Boost)  
  154  12:41  Carrier  
  154  12:43  Probe (Chrono Boost)  
  162  12:44  Probe (Chrono Boost), Photon Cannon  
  162  12:47  Photon Cannon  
  163  12:51  Probe  
  163  12:52  Photon Cannon  
  163  12:54  Probe, Photon Cannon  
  165  12:58  Pylon  
  165  13:00  Probe, Pylon  
  165  13:03  Probe  
  167  13:06  Probe (Chrono Boost)  
  167  13:12  Probe (Chrono Boost)  
  169  13:13  Photon Cannon, Carrier  
  169  13:16  Photon Cannon  
  169  13:17  Shield Battery  
  177  13:21  Probe (Chrono Boost), Carrier  
  177  13:24  Probe x2 (Chrono Boost)  
  184  13:29  Probe (Chrono Boost)  
  184  13:30  Probe (Chrono Boost)  
  184  13:31  Probe (Chrono Boost), Carrier  
  193  13:38  Probe  
  193  13:40  Probe  
  195  13:42  Probe  
  195  13:52  Probe  
  189  14:04  Probe  
  182  14:11  Phoenix  
  184  14:17  Phoenix  
  184  14:19  Void Ray  
  184  14:23  Probe x3  
  187  14:26  Assimilator  
  187  14:28  Photon Cannon  
  187  14:30  Photon Cannon  
  191  14:32  Photon Cannon  
  191  14:33  Photon Cannon  
  191  14:34  Photon Cannon, Shield Battery  
  191  14:35  Probe x2  
  191  14:36  Probe  
  199  14:46  Pylon  
  199  14:47  Probe  
Tags
 
Add a new tag
Caveats
  • Supply blocks, unpowered buildings, or Contaminate may cause inaccurate times.
  • Supply counts are checked every 10 seconds.